[ AOE2 MATCH · #505918878 ]
UnrankedTupi vs Cumans
Player's team · WIN
Rival team · LOSS
[ REPLAY ANALYSIS · EXTRACTED FROM THE RECORDED GAME ]
Feudal
10:31
Castle
14:11
Imperial
34:25
| APM avg | 42.7 |
| APM peak | 74 |
| eAPM avg | 23.3 |
| Villagers / military | 183 / 14 |
Focus
⚔️ 39.2% · 🌾 60.8%
Unknown (2579) ×83 · Unknown (2582) ×8 · Mangonel ×7 · Monk ×3 · Trebuchet (Packed) ×3 · Battering Ram ×1
Feudal
8:56
Castle
22:19
Imperial
34:41
| APM avg | 57.7 |
| APM peak | 95 |
| eAPM avg | 26.9 |
| Villagers / military | 164 / 155 |
Focus
⚔️ 34.9% · 🌾 65.1%
Skirmisher ×102 · Scout Cavalry ×27 · Archer ×11 · Kipchak ×5 · Trebuchet (Packed) ×4 · Mangonel ×2
Match map
Initial resources + every placement click. Lines = walls · curves = elevation contours. ◆ gold · ⬟ stone · ● berries · ✦ relic · ◌ wall gap
Your base· Open — unwalled flank
shy_Ri's base· ✓ Closed at 22:19 · 20t walls · no gate
Smoothed initial terrain · ◌ = detected wall gap · hover for details
Inputs per minute
— Crankshaft - - shy_Ri
Build order — Crankshaft
First 150 of 430 actions detected
| 0:00 | Queue | Villager (Male) |
| 0:02 | Build | House |
| 0:03 | Build | House |
| 0:16 | Queue | Villager (Male) |
| 0:31 | Queue | Villager (Male) |
| 0:31 | Queue | Villager (Male) |
| 1:11 | Queue | Villager (Male) |
| 1:32 | Queue | Villager (Male) |
| 1:49 | Queue | Villager (Male) |
| 2:15 | Build | Settlement |
| 2:26 | Queue | Villager (Male) |
| 2:26 | Queue | Villager (Male) |
| 2:51 | Queue | Villager (Male) |
| 2:51 | Queue | Villager (Male) |
| 3:25 | Queue | Villager (Male) |
| 3:25 | Queue | Villager (Male) |
| 3:53 | Queue | Villager (Male) |
| 4:07 | Queue | Villager (Male) |
| 4:25 | Queue | Villager (Male) |
| 4:25 | Queue | Villager (Male) |
| 4:27 | Queue | Villager (Male) |
| 4:40 | Build | House |
| 4:41 | Build | Palisade Wall |
| 4:41 | Build | Palisade Wall |
| 4:42 | Build | Palisade Wall |
| 4:43 | Build | Palisade Wall |
| 4:43 | Build | Palisade Wall |
| 5:22 | Queue | Villager (Male) |
| 5:38 | Build | Palisade Wall |
| 5:45 | Build | Palisade Wall |
| 6:00 | Build | Settlement |
| 6:12 | Queue | Villager (Male) |
| 6:27 | Build | Palisade Wall |
| 6:37 | Research | Loom |
| 6:42 | Queue | Villager (Male) |
| 6:53 | Queue | Villager (Male) |
| 7:08 | Queue | Villager (Male) |
| 7:32 | Research | Loom |
| 7:48 | Research | Feudal Age |
| 8:27 | Build | Palisade Gate |
| 8:43 | Build | House |
| 9:01 | Build | Palisade Wall |
| 9:01 | Build | Palisade Wall |
| 9:02 | Build | Palisade Wall |
| 9:41 | Build | Palisade Wall |
| 10:31 | Age | Feudal Age |
| 10:35 | Build | Market |
| 10:40 | Build | Blacksmith |
| 10:43 | Queue | Villager (Male) |
| 11:31 | Research | Castle Age |
| 11:31 | Research | Castle Age |
| 11:45 | Build | Settlement |
| 11:54 | Build | House |
| 12:03 | Build | Palisade Wall |
| 12:04 | Build | Palisade Wall |
| 12:24 | Build | House |
| 12:50 | Research | Double-Bit Axe |
| 12:50 | Research | Double-Bit Axe |
| 13:19 | Build | House |
| 13:52 | Build | House |
| 14:11 | Age | Castle Age |
| 14:27 | Queue | Villager (Male) |
| 14:52 | Build | Settlement |
| 15:01 | Queue | Villager (Male) |
| 15:22 | Build | Castle |
| 15:26 | Queue | Villager (Male) |
| 15:38 | Queue | Villager (Male) |
| 15:53 | Queue | Villager (Male) |
| 15:58 | Build | Palisade Wall |
| 16:00 | Build | House |
| 16:03 | Build | House |
| 16:08 | Build | Palisade Gate |
| 16:12 | Queue | Villager (Male) |
| 16:12 | Queue | Unit 2579 |
| 16:17 | Build | Settlement |
| 16:37 | Queue | Villager (Male) |
| 16:51 | Queue | Unit 2579 |
| 16:51 | Queue | Unit 2579 |
| 17:07 | Queue | Unit 2579 |
| 17:55 | Queue | Villager (Male) |
| 18:00 | Queue | Villager (Male) |
| 18:02 | Build | Farm |
| 18:02 | Build | Farm |
| 18:03 | Queue | Villager (Male) |
| 18:18 | Queue | Unit 2579 |
| 18:18 | Queue | Unit 2579 |
| 18:20 | Queue | Villager (Male) |
| 18:28 | Queue | Villager (Male) |
| 18:50 | Queue | Unit 2579 |
| 18:51 | Queue | Unit 2579 |
| 18:51 | Queue | Unit 2579 |
| 19:04 | Build | Farm |
| 19:13 | Build | Farm |
| 19:15 | Build | Farm |
| 19:20 | Queue | Villager (Male) |
| 19:31 | Queue | Unit 2579 |
| 19:31 | Queue | Unit 2579 |
| 19:34 | Queue | Villager (Male) |
| 19:40 | Build | Farm |
| 19:44 | Queue | Villager (Male) |
| 20:00 | Research | Fletching |
| 20:05 | Queue | Unit 2579 |
| 20:05 | Queue | Unit 2579 |
| 20:07 | Build | Farm |
| 20:08 | Queue | Villager (Male) |
| 20:21 | Queue | Unit 2579 |
| 20:22 | Queue | Unit 2579 |
| 20:32 | Build | Siege Workshop |
| 20:37 | Queue | Villager (Male) |
| 20:39 | Queue | Unit 2579 |
| 20:39 | Queue | Unit 2579 |
| 20:46 | Build | Farm |
| 21:01 | Build | House |
| 21:05 | Queue | Villager (Male) |
| 21:11 | Queue | Villager (Male) |
| 21:13 | Build | Farm |
| 21:23 | Queue | Battering Ram |
| 21:29 | Build | Outpost |
| 21:30 | Queue | Villager (Male) |
| 21:34 | Queue | Unit 2579 |
| 21:47 | Build | Farm |
| 21:49 | Queue | Villager (Male) |
| 22:00 | Queue | Unit 2579 |
| 22:09 | Build | House |
| 22:13 | Queue | Villager (Male) |
| 22:17 | Build | Farm |
| 22:20 | Build | Farm |
| 22:21 | Queue | Villager (Male) |
| 22:26 | Queue | Unit 2579 |
| 22:28 | Queue | Unit 2579 |
| 22:35 | Queue | Villager (Male) |
| 22:43 | Build | Outpost |
| 22:44 | Queue | Villager (Male) |
| 23:26 | Queue | Villager (Male) |
| 23:28 | Queue | Villager (Male) |
| 23:36 | Build | Town Center |
| 23:39 | Queue | Villager (Male) |
| 23:45 | Queue | Villager (Male) |
| 23:46 | Queue | Villager (Male) |
| 23:49 | Build | Monastery |
| 23:53 | Queue | Villager (Male) |
| 23:58 | Research | Wheelbarrow |
| 23:58 | Research | Wheelbarrow |
| 23:59 | Queue | Villager (Male) |
| 24:14 | Queue | Unit 2579 |
| 24:14 | Queue | Unit 2579 |
| 24:15 | Queue | Villager (Male) |
| 24:15 | Queue | Villager (Male) |
| 24:37 | Research | Horse Collar |
| 24:39 | Queue | Villager (Male) |
Build order — shy_Ri
First 150 of 570 actions detected
| 0:01 | Queue | Villager (Male) |
| 0:02 | Build | House |
| 0:03 | Build | House |
| 0:08 | Queue | Villager (Male) |
| 0:08 | Queue | Villager (Male) |
| 0:08 | Queue | Villager (Male) |
| 1:25 | Queue | Villager (Male) |
| 1:25 | Queue | Villager (Male) |
| 2:01 | Queue | Villager (Male) |
| 2:01 | Queue | Villager (Male) |
| 2:15 | Build | Mill |
| 2:22 | Queue | Villager (Male) |
| 2:22 | Queue | Villager (Male) |
| 2:51 | Queue | Villager (Male) |
| 2:51 | Queue | Villager (Male) |
| 3:13 | Queue | Villager (Male) |
| 3:14 | Queue | Villager (Male) |
| 3:43 | Queue | Villager (Male) |
| 3:52 | Build | House |
| 3:53 | Build | Palisade Wall |
| 4:00 | Queue | Villager (Male) |
| 4:30 | Queue | Villager (Male) |
| 4:33 | Queue | Villager (Male) |
| 4:33 | Queue | Villager (Male) |
| 4:44 | Build | Lumber Camp |
| 5:10 | Queue | Villager (Male) |
| 5:35 | Queue | Villager (Male) |
| 5:36 | Research | Loom |
| 6:46 | Research | Feudal Age |
| 6:46 | Research | Feudal Age |
| 6:46 | Research | Feudal Age |
| 6:46 | Research | Feudal Age |
| 7:17 | Build | House |
| 7:41 | Build | Barracks |
| 8:52 | Queue | Villager (Male) |
| 8:56 | Age | Feudal Age |
| 9:05 | Queue | Spearman |
| 9:17 | Build | Archery Range |
| 9:19 | Queue | Villager (Male) |
| 9:27 | Build | Mining Camp |
| 9:28 | Research | Double-Bit Axe |
| 9:29 | Queue | Villager (Male) |
| 9:53 | Build | House |
| 9:57 | Build | House |
| 9:58 | Queue | Archer |
| 10:03 | Queue | Villager (Male) |
| 10:33 | Queue | Villager (Male) |
| 10:44 | Queue | Villager (Male) |
| 10:48 | Queue | Archer |
| 11:02 | Build | Mill |
| 11:17 | Queue | Archer |
| 11:19 | Queue | Villager (Male) |
| 11:32 | Queue | Villager (Male) |
| 11:51 | Queue | Archer |
| 12:01 | Build | House |
| 12:02 | Build | Palisade Wall |
| 12:04 | Queue | Villager (Male) |
| 12:04 | Build | Blacksmith |
| 12:14 | Queue | Archer |
| 12:20 | Build | House |
| 12:26 | Queue | Villager (Male) |
| 12:38 | Build | Watch Tower |
| 12:45 | Queue | Villager (Male) |
| 12:49 | Build | House |
| 12:52 | Build | Farm |
| 12:53 | Build | Farm |
| 12:59 | Queue | Archer |
| 13:13 | Queue | Villager (Male) |
| 13:20 | Research | Fletching |
| 13:23 | Build | Mining Camp |
| 13:28 | Build | House |
| 13:30 | Queue | Villager (Male) |
| 13:34 | Build | House |
| 13:48 | Build | Palisade Wall |
| 13:49 | Build | Palisade Wall |
| 13:49 | Build | Palisade Wall |
| 13:50 | Build | Palisade Wall |
| 13:51 | Build | Palisade Wall |
| 13:59 | Build | Farm |
| 14:01 | Queue | Villager (Male) |
| 14:28 | Queue | Archer |
| 14:29 | Queue | Villager (Male) |
| 14:31 | Build | Farm |
| 14:54 | Queue | Villager (Male) |
| 14:55 | Build | Farm |
| 15:19 | Build | Watch Tower |
| 15:20 | Queue | Villager (Male) |
| 15:22 | Build | Farm |
| 15:24 | Queue | Archer |
| 15:54 | Queue | Villager (Male) |
| 15:56 | Build | Farm |
| 15:58 | Build | Farm |
| 16:07 | Build | House |
| 16:11 | Build | House |
| 16:11 | Build | House |
| 16:13 | Queue | Villager (Male) |
| 16:30 | Build | Watch Tower |
| 16:34 | Queue | Archer |
| 16:41 | Queue | Villager (Male) |
| 16:46 | Build | Palisade Wall |
| 16:48 | Build | Palisade Wall |
| 17:01 | Queue | Archer |
| 17:10 | Build | House |
| 17:11 | Build | Palisade Wall |
| 17:15 | Build | Palisade Wall |
| 17:42 | Queue | Villager (Male) |
| 17:56 | Queue | Villager (Male) |
| 17:59 | Build | Market |
| 18:16 | Queue | Archer |
| 18:18 | Queue | Villager (Male) |
| 18:22 | Build | Watch Tower |
| 18:26 | Build | House |
| 18:51 | Build | Watch Tower |
| 18:57 | Build | House |
| 19:00 | Build | House |
| 19:02 | Build | House |
| 19:04 | Queue | Villager (Male) |
| 19:09 | Build | House |
| 19:11 | Build | House |
| 19:39 | Research | Castle Age |
| 19:39 | Research | Castle Age |
| 20:11 | Build | Town Center |
| 20:16 | Queue | Skirmisher |
| 20:33 | Build | House |
| 20:44 | Research | Padded Archer Armor |
| 20:45 | Queue | Skirmisher |
| 20:58 | Build | Farm |
| 21:03 | Queue | Skirmisher |
| 21:15 | Build | Stable |
| 21:26 | Build | House |
| 21:36 | Research | Horse Collar |
| 21:44 | Queue | Skirmisher |
| 21:50 | Queue | Villager (Male) |
| 22:03 | Queue | Villager (Male) |
| 22:05 | Build | Farm |
| 22:09 | Build | Farm |
| 22:10 | Build | Farm |
| 22:19 | Age | Castle Age |
| 22:23 | Queue | Knight |
| 22:24 | Build | Farm |
| 22:44 | Queue | Villager (Male) |
| 22:46 | Build | Siege Workshop |
| 22:57 | Queue | Villager (Male) |
| 23:18 | Queue | Villager (Male) |
| 23:21 | Queue | Mangonel |
| 23:30 | Queue | Villager (Male) |
| 23:31 | Queue | Villager (Male) |
| 23:49 | Build | Farm |
| 23:50 | Build | Farm |
| 23:50 | Build | Farm |
Match timeline
| 3:53 | shy_Ri · wall_segment Palisade Wall x1 |
| 4:41 | Crankshaft · wall_segment Palisade Wall x1 |
| 4:41 | Crankshaft · wall_segment Palisade Wall x1 |
| 4:42 | Crankshaft · wall_segment Palisade Wall x1 |
| 4:43 | Crankshaft · wall_segment Palisade Wall x1 |
| 4:43 | Crankshaft · wall_segment Palisade Wall x1 |
| 5:38 | Crankshaft · wall_segment Palisade Wall x1 |
| 5:45 | Crankshaft · wall_segment Palisade Wall x1 |
| 6:27 | Crankshaft · wall_segment Palisade Wall x8 |
| 7:41 | shy_Ri · first_building Barracks |
| 8:56 | shy_Ri · age_up feudal |
| 9:01 | Crankshaft · wall_segment Palisade Wall x1 |
| 9:01 | Crankshaft · wall_segment Palisade Wall x1 |
| 9:02 | Crankshaft · wall_segment Palisade Wall x1 |
| 9:17 | shy_Ri · first_building Archery Range |
| 9:41 | Crankshaft · wall_segment Palisade Wall x1 |
| 10:31 | Crankshaft · age_up feudal |
| 11:25 | Crankshaft · first_market_sell 100 food |
| 12:02 | shy_Ri · wall_segment Palisade Wall x1 |
| 12:03 | Crankshaft · wall_segment Palisade Wall x1 |
| 12:04 | Crankshaft · wall_segment Palisade Wall x1 |
| 13:48 | shy_Ri · wall_segment Palisade Wall x1 |
| 13:49 | shy_Ri · wall_segment Palisade Wall x1 |
| 13:49 | shy_Ri · wall_segment Palisade Wall x1 |
| 13:50 | shy_Ri · wall_segment Palisade Wall x1 |
| 13:51 | shy_Ri · wall_segment Palisade Wall x1 |
| 14:11 | Crankshaft · age_up castle |
| 14:29 | Crankshaft · first_market_buy 100 stone |
| 15:22 | Crankshaft · first_building Castle |
| 15:58 | Crankshaft · wall_segment Palisade Wall x1 |
| 16:46 | shy_Ri · wall_segment Palisade Wall x8 |
| 16:48 | shy_Ri · wall_segment Palisade Wall x3 |
| 17:11 | shy_Ri · wall_segment Palisade Wall x1 |
| 17:15 | shy_Ri · wall_segment Palisade Wall x1 |
| 19:39 | shy_Ri · first_market_sell 100 food |
| 20:32 | Crankshaft · first_building Siege Workshop |
| 21:13 | shy_Ri · first_market_buy 100 wood |
| 21:15 | shy_Ri · first_building Stable |
| 22:19 | shy_Ri · age_up castle |
| 22:46 | shy_Ri · first_building Siege Workshop |
| 23:49 | Crankshaft · first_building Monastery |
| 24:03 | shy_Ri · first_building Castle |
| 25:55 | shy_Ri · first_building Monastery |
| 32:24 | Crankshaft · first_building Barracks |
| 34:25 | Crankshaft · age_up imperial |
| 34:41 | shy_Ri · age_up imperial |
| 45:05 | shy_Ri · resign |
[ AI ANALYSIS · 1 CREDIT ]
What really happened in this match?
Wolo.gg analyzes every decision: build order, eco, micro, common mistakes by bracket. Personalized analysis on WhatsApp or Discord in 30 seconds.
Civ guide
Tupi
Perfil
Jugador #318082